Map: Abyssal Reef LE

Players

adamthepolak

  • Race: Protoss Protoss
  • Spawn Location: 5:00

Metasapien - Winner!

  • Race: Zerg Zerg
  • League: Platinum
  • Spawn Location: 11:00

VOD

Have the link to the VOD?

Description

Time

  • Played on: Sept. 17, 2017, 8:35 p.m.
  • Length: 12:31
Show
View Real Time Build Order
Export as new Build Order

adamthepolak Protoss 

Build Orders:  

Get SALT Encoding   

  12  0:01  Probe (Chrono Boost)  
  13  0:13  Probe (Chrono Boost)  
  14  0:27  Pylon  
  14  0:39  Probe (Chrono Boost)  
  15  0:47  Gateway  
  15  0:51  Probe (Chrono Boost)  
  15  0:54  Assimilator  
  16  1:02  Probe (Chrono Boost)  
  17  1:13  Probe (Chrono Boost)  
  18  1:29  Probe (Chrono Boost)  
  19  1:36  Cybernetics Core  
  19  1:43  Probe (Chrono Boost)  
  20  1:50  Nexus  
  20  1:54  Pylon  
  20  1:59  Gateway  
  20  2:03  Zealot  
  22  2:18  Probe (Chrono Boost)  
  23  2:27  Warp Gate (Chrono Boost)  
  23  2:37  Probe (Chrono Boost)  
  24  2:49  Probe (Chrono Boost)  
  25  3:08  Adept  
  25  3:09  Adept  
  29  3:14  Probe  
  30  3:20  Assimilator  
  30  3:26  Pylon  
  30  3:30  Robotics Facility  
  30  3:32  Probe  
  30  3:33  Probe  
  32  3:42  Adept  
  33  4:04  Probe  
  33  4:05  Probe  
  37  4:10  Adept  
  37  4:11  Gateway  
  37  4:15  Gateway  
  37  4:16  Gateway  
  37  4:19  Probe  
  37  4:20  Twilight Council, Probe  
  39  4:25  Assimilator  
  39  4:29  Probe (Chrono Boost)  
  40  4:32  Probe (Chrono Boost)  
  41  4:41  Probe (Chrono Boost)  
  41  4:44  Probe (Chrono Boost)  
  43  4:50  Stalker  
  43  4:52  Probe (Chrono Boost)  
  46  4:59  Observer  
  47  5:08  Pylon  
  47  5:11  Probe x2 (Chrono Boost)  
  49  5:23  Resonating Glaives (Chrono Boost)  
  49  5:25  Mothership Core  
  51  5:30  Warp Prism  
  53  5:36  Zealot  
  53  5:37  Zealot x3  
  61  6:03  Pylon  
  61  6:07  Pylon  
  61  6:25  Adept  
  61  6:26  Adept, Sentry x2  
  61  6:27  Sentry  
  61  6:30  Observer  
  64  7:33  Probe  
  64  7:34  Probe  
  66  7:41  Observer  
  66  7:43  Probe  
  67  7:46  Probe  
  67  7:47  Nexus  
  67  7:51  Pylon  
  69  7:52  Pylon, Charge (Chrono Boost)  
  69  7:54  Pylon  
  69  7:56  Pylon, Dark Shrine  
  69  7:58  Probe  
  69  8:01  Forge  
  69  8:02  Forge  
  69  8:05  Probe  
  70  8:10  Probe  
  70  8:12  Assimilator  
  72  8:15  Probe  
  72  8:17  Observer  
  74  8:21  Robotics Facility  
  74  8:23  Pylon  
  74  8:28  Probe  
  74  8:29  Probe  
  76  8:38  Zealot x5  
  86  8:41  Probe  
  86  8:47  Observer  
  88  8:57  Protoss Ground Weapons Level 1 (Chrono Boost)  
  88  8:58  Protoss Ground Armor Level 1 (Chrono Boost)  
  88  9:08  Observer  
  73  9:40  Stalker x2  
  73  9:41  Stalker x2  
  73  9:42  Stalker  
  79  10:07  Adept  
  79  10:08  Adept x4  
  89  10:18  Pylon  
  89  10:20  Blink, Pylon  
  89  10:22  Pylon, Observer  
  89  10:23  Observer  
  89  10:24  Pylon  
  89  10:25  Pylon  
  91  10:29  Probe  
  91  10:30  Probe x2  
  91  10:35  Assimilator  
  94  10:43  Dark Templar x3  
  94  10:49  Dark Templar  
  101  10:50  Dark Templar  
  92  11:18  Warp Prism  
  92  11:25  Zealot x4  
  96  11:26  Zealot  
  96  11:30  Robotics Bay  
  99  11:57  Stalker x4  
  99  11:58  Stalker  
  98  12:21  Zealot  
  98  12:22  Zealot x4  
Show
View Real Time Build Order
Export as new Build Order

Metasapien Zerg - Winner!

Build Orders: Pool First 

Get SALT Encoding   

  12  0:01  Drone  
  13  0:23  Spawning Pool  
  13  0:26  Drone  
  13  0:30  Extractor  
  13  0:32  Drone  
  13  0:42  Overlord  
  13  0:48  Drone  
  14  1:03  Drone x2  
  16  1:23  Zergling x4  
  18  1:42  Hatchery  
  17  1:48  Drone x2  
  19  2:07  Overlord  
  19  2:08  Spine Crawler  
  19  2:09  Drone  
  19  2:19  Drone  
  20  2:45  Drone x2  
  20  2:46  Hatchery  
  20  2:49  Drone  
  22  3:02  Drone  
  22  3:03  Drone  
  24  3:07  Drone  
  25  3:16  Queen  
  27  3:21  Metabolic Boost  
  27  3:26  Queen  
  29  3:29  Drone  
  29  3:32  Drone  
  31  3:38  Overlord  
  31  3:45  Extractor  
  30  3:49  Drone  
  30  3:50  Drone  
  30  4:03  Queen  
  30  4:04  Drone, Roach Warren  
  32  4:10  Drone  
  32  4:11  Drone  
  32  4:12  Drone  
  35  4:19  Zergling x6  
  35  4:22  Drone  
  39  4:24  Drone  
  39  4:29  Overlord  
  39  4:30  Drone x2  
  42  4:33  Drone  
  43  4:40  Lair  
  43  4:46  Roach  
  43  4:47  Roach  
  43  4:50  Drone, Extractor  
  43  4:51  Extractor  
  46  4:53  Drone  
  46  4:55  Drone  
  46  4:58  Overlord  
  48  5:10  Overlord  
  48  5:11  Roach x2  
  48  5:12  Roach  
  54  5:21  Zergling x4  
  54  5:22  Roach x2  
  60  5:30  Drone  
  60  5:32  Evolution Chamber  
  60  5:33  Drone x4  
  64  5:37  Drone x2  
  64  5:38  Drone  
  67  5:48  Drone x5  
  72  6:01  Hydralisk Den  
  72  6:02  Infestation Pit  
  70  6:04  Drone  
  70  6:06  Overlord  
  70  6:07  Overlord  
  71  6:15  Overlord x2, Roach  
  71  6:16  Overlord  
  73  6:20  Ravager  
  74  6:30  Queen  
  74  6:31  Queen  
  78  6:33  Hydralisk x3  
  78  6:34  Hydralisk  
  86  6:40  Zerg Ground Armor Level 1  
  86  6:41  Glial Reconstitution  
  77  7:04  Hydralisk x3  
  77  7:05  Roach x4  
  88  7:26  Drone  
  88  7:27  Drone  
  88  7:30  Extractor  
  88  7:31  Drone x2, Extractor  
  88  7:32  Roach x2, Hydralisk x2  
  88  7:33  Roach x2  
  96  7:48  Spine Crawler  
  96  7:49  Drone  
  96  7:50  Drone x2  
  98  7:54  Drone x3  
  98  7:55  Drone x2  
  103  7:58  Overlord x2  
  103  7:59  Overlord  
  103  8:00  Overlord  
  103  8:01  Overlord  
  103  8:03  Pneumatized Carapace  
  103  8:04  Hatchery  
  102  8:15  Drone x3  
  102  8:16  Drone x3, Evolution Chamber  
  102  8:18  Drone x3  
  110  8:26  Spine Crawler  
  109  8:30  Muscular Augments  
  109  8:35  Zerg Missile Weapons Level 1  
  109  8:39  Roach x2  
  113  8:56  Infestor  
  113  8:57  Infestor  
  117  9:08  Drone x2  
  117  9:09  Drone x4  
  123  9:11  Overlord x3  
  117  9:29  Hydralisk x3  
  117  9:30  Hydralisk x5  
  113  9:39  Zergling x2  
  113  9:40  Zergling x16  
  114  9:49  Hydralisk x4  
  116  10:02  Hydralisk x3  
  116  10:03  Hydralisk  
  124  10:15  Queen x2  
  128  10:22  Overseer  
  128  10:23  Overseer  
  128  10:26  Extractor  
  128  10:28  Overlord x3, Extractor  
  126  10:33  Roach x2, Hydralisk x3  
  126  10:34  Roach x2  
  140  10:39  Hatchery  
  135  10:58  Overseer  
  129  11:13  Overseer  
  126  11:27  Roach, Hydralisk x4  
  126  11:28  Hydralisk, Roach x4  
  126  11:30  Zergling x4  
  139  11:58  Hydralisk  
  139  11:59  Roach, Zergling x2, Hydralisk  
  139  12:00  Zergling x14  
  139  12:01  Swarm Host, Zergling x6  
Tags
 
Add a new tag
Caveats
  • Supply blocks, unpowered buildings, or Contaminate may cause inaccurate times.
  • Supply counts are checked every 10 seconds.